 Dungeon Sprint DCSS version 0.21-a0-584-g185da8e (webtiles) character file.

86 tsouns the Shield-Bearer (level 4, -7/39 HPs)
             Began as a Formicid Fighter on Dec 21, 2017.
             Mangled by an ogre
             ... wielding a +0 giant club
              (25 damage)
             ... in the Dungeon (Sprint IX: "|||||||||||||||||||||||||||||").
             The game lasted 00:00:48 (46 turns).

tsouns the Shield-Bearer (Formicid Fighter)           Turns: 46, Time: 00:00:48

Health: -7/39      AC:  7    Str: 26    XL:     4   Next: 78%
Magic:  4/4        EV:  9    Int:  8    God:
Gold:   0          SH: 11    Dex: 10    Spells: 3/3 levels left

rFire    . . .     SeeInvis +   a - +0 trident
rCold    . . .     Gourm    .   c - +0 shield
rNeg     . . .     Faith    .   b - +0 scale mail
rPois    .         Spirit   .   (helmet unavailable)
rElec    .         Reflect  .   (no cloak)
rCorr    .         Harm     .   (no gloves)
MR       .....                  (no boots)
Stlth    ..........             (no amulet)
HPRegen  0.13/turn              (no ring)
MPRegen  0.09/turn              (no ring)

@: mighty
A: permanent stasis, dig shafts and tunnels, four strong arms, antennae 3
a: Dig


You were in the Dungeon.
You were not hungry.

You visited 1 branch

Inventory:

Hand Weapons
 a - a +0 trident (weapon)
Armour
 b - a +0 scale mail (worn)
 c - a +0 shield (worn)
Scrolls
 k - a scroll of blinking
Potions
 e - a potion of curing
 h - a potion of haste
 i - 2 potions of magic
 j - a potion of berserk rage
Comestibles
 f - a ration
 l - a chunk of flesh


   Skills:
 + Level 5.6 Fighting
 + Level 4.1 Polearms
 + Level 5.7 Armour
 + Level 0.7 Dodging
 + Level 6.4 Shields


You had 3 spell levels left.
You didn't know any spells.

Dungeon Overview and Level Annotations

Branches:
Dungeon (1/1)

Altars:


Innate Abilities, Weirdness & Mutations

You cannot be hasted, slowed, berserked, paralysed or teleported.
You can dig through walls and to a lower floor.
Your four strong arms can wield two-handed weapons with a shield.
You have a pair of large antennae on your head. (SInv)


Message History

You block the orc wizard's attack.
Attack whom?
Press: ? - help, Dir - move target cursor, f/p - ogre
Aim: an ogre, wielding a giant club The orc wizard is in the way.
You closely miss the orc wizard.
The orc wizard is heavily wounded.
The orc wizard hits you but does no damage.
Attack whom?
Press: ? - help, Dir - move target cursor, f/p - ogre
Aim: an ogre, wielding a giant club The orc wizard is in the way.
You puncture the orc wizard!
You kill the orc wizard!
Your Polearms skill increases to level 4!
Your Shields skill increases to level 6!
You feel much better. The ogre hits you with a giant club!
You puncture the ogre!
The ogre is moderately wounded.
The ogre hits you with a giant club!!
Ouch! That really hurt!
You die...

▓+▓
▓.▓
▓.▓
▓.▓
▓.▓
▓S▓
▓O▓
▓@▓
▓)▓
▓.▓
▓.▓
▓.▓
▓)▓
▓.▓
▓.▓
▓.▓


You could see an ogre and an adder.

Vanquished Creatures
  A hound (D)
  2 orc wizards (D)
  A bat (D)
  A hobgoblin (D)
  A frilled lizard (D)
  2 rats (D)
8 creatures vanquished.

Notes
Turn   | Place    | Note
-------+----------+-------------------------------------------
     0 | D        | tsouns the Formicid Fighter began the quest for the Orb.
     0 | D        | Reached XP level 1. HP: 18/18 MP: 1/1
     8 | D        | Reached skill level 4 in Shields
    22 | D        | Noticed an ogre
    22 | D        | Noticed an orc wizard
    22 | D        | Noticed an orc wizard
    22 | D        | Noticed a hound
    32 | D        | Killed an orc wizard
    32 | D        | Reached skill level 5 in Shields
    32 | D        | Reached XP level 2. HP: 15/26 MP: 2/2
    32 | D        | Reached XP level 3. HP: 18/32 MP: 3/3
    37 | D        | Reached skill level 5 in Fighting
    37 | D        | Reached skill level 5 in Armour
    37 | D        | Reached XP level 4. HP: 18/39 MP: 4/4
    44 | D        | Reached skill level 6 in Shields
    46 | D        | Mangled by an ogre

Vault maps used:
D:        linesprint

Skill      XL: |  1  2  3  4 |
---------------+-------------+-----
Shields        | 5 6 |  6.4
Fighting       | 4 5 |  5.6
Polearms       | 3 4 |  4.1
Armour         | 4 5 |  5.7
Dodging        | |  0.7

Action                   |  1- 3 |  4- 6 || total
-------------------------+-------+-------++-------
Melee: Trident           |    24 |     8 ||    32
  Use: Potion            |     1 |     1 ||     2
Armor: Scale mail        |     9 |     1 ||    10
Dodge: Dodged            |    10 |     1 ||    11
Block: Shield            |    17 |     3 ||    20

Table legend:
 A = Spawn XP
 B = Non-spawn XP
 C = Spawn XP percentage of total XP
 D = Spawn monster count
 E = Non-spawn monster count
 F = Spawn count percentage of total count
 G = Total turns spent on level
                    A         B        C        D         E        F      G
               +---------+---------+-------+---------+---------+-------+---------
         Total |       0 |     124 |   0.0 |       0 |       8 |   0.0 |    46
               +---------+---------+-------+---------+---------+-------+---------
             D |       0 |     124 |   0.0 |       0 |       8 |   0.0 |    46
               +---------+---------+-------+---------+---------+-------+---------
